NCAA
BUTLER BULLDOGS @ IOWA STATE CYCLONES
04/02/2030
 
TOP OF THE 1ST
Butler Bulldogs batting - Pitching for Iowa State Cyclones : RHP Glen Davis
Pitching: RHP Glen Davis
Batting: LHB Alex Kelly 0-0: SINGLE (Groundball, 6MD)
Batting: RHB Benjamin Monroe 0-0: Called Strike
0-1: 2-RUN HOME RUN (Flyball, 7LD), Distance : 319 ft
Batting: RHB Patrice Charette 0-0: Ball
1-0: Ball
2-0: Called Strike
2-1: Foul Ball, location: 2F
2-2: Ball
3-2: Ground out 1-3 (Groundball, P)
Batting: LHB Bill O'Higgins 0-0: Ball
1-0: Ball
2-0: Foul Ball, location: 2F
2-1: Swinging Strike
2-2: Ball
3-2: Foul Ball, location: 2F
3-2: SINGLE (Line Drive, 6M)
Batting: RHB Nelson Thompson 0-0: Ball
1-0: Called Strike
1-1: Swinging Strike
1-2: Foul Ball, location: 2F
1-2: Foul Ball, location: 2F
1-2: Foul Ball, location: 2F
1-2: Ball
Bill O'Higgins steals 2nd base
2-2: Ball
3-2: Strikes out swinging
Batting: LHB Todd Hunt 0-0: Ball
Bill O'Higgins is caught stealing 3rd base
Top of the 1st over - 2 runs, 3 hits, 0 errors, 0 left on base; Butler 2 - Iowa State 0
BOTTOM OF THE 1ST
Iowa State Cyclones batting - Pitching for Butler Bulldogs : RHP Bill Daniels
Pitching: RHP Bill Daniels
Batting: LHB Andrew Chambers 0-0: Ball
1-0: Foul Ball, location: 2F
1-1: Ground out 6-3 (Groundball, 6)
Batting: LHB Marty Gómez 0-0: Ball
1-0: Called Strike
1-1: Ball
2-1: Bunt for hit - play at first, batter OUT! 2-3
Batting: RHB Wesley Wood 0-0: Called Strike
0-1: Ball
1-1: Called Strike
1-2: Ball
2-2: Ball
3-2: Base on Balls
Batting: LHB Alberto Paz 0-0: Called Strike
0-1: Called Strike
0-2: Ground out 4-3 (Groundball, 4)
Bottom of the 1st over - 0 runs, 0 hits, 0 errors, 1 left on base; Butler 2 - Iowa State 0
TOP OF THE 2ND
Butler Bulldogs batting - Pitching for Iowa State Cyclones : RHP Glen Davis
Batting: LHB Todd Hunt 0-0: Ball
1-0: SINGLE (Flyball, 8RS)
Batting: RHB Jorge Solís 0-0: Ball
1-0: Foul Ball, location: 2F
1-1: Called Strike
1-2: Ball
2-2: Ball
3-2: Strikes out swinging
Batting: RHB Kenny Lowe 0-0: Called Strike
0-1: Ball
1-1: Swinging Strike
1-2: Strikes out looking
Pitching: RHP Loren Parker
Batting: RHB Danny Giles 0-0: Ball
1-0: Ball
2-0: Foul Ball, location: 2F
2-1: Ball
3-1: Base on Balls
Todd Hunt to second
Batting: LHB Alex Kelly 0-0: Called Strike
0-1: Called Strike
0-2: Ball
1-2: Ball
2-2: Fly out, F8 (Line Drive, 8RD)
Top of the 2nd over - 0 runs, 1 hit, 0 errors, 2 left on base; Butler 2 - Iowa State 0
BOTTOM OF THE 2ND
Iowa State Cyclones batting - Pitching for Butler Bulldogs : RHP Bill Daniels
Batting: RHB Danny Gilbert 0-0: Called Strike
0-1: Ground out U3 (Groundball, 34)
Batting: RHB Louis García 0-0: Ball
1-0: Ball
2-0: DOUBLE (Flyball, 8RD)
Batting: RHB Ollie Johnson 0-0: Ball
Louis García steals 3rd base
1-0: Called Strike
1-1: Ball
2-1: Foul Ball, location: 2F
2-2: Foul Ball, location: 2F
2-2: Ground out 4-3 (Groundball, 4)
Louis García scores
Batting: LHB Dale González 0-0: Ball
1-0: Ball
2-0: Swinging Strike
2-1: SINGLE (Groundball, 34D)
Batting: LHB Chris Samuels 0-0: Ball
1-0: Ball
2-0: Ball
3-0: Base on Balls
Dale González to second
Batting: LHB Andrew Chambers 0-0: Ball
1-0: Ball
2-0: Ball
3-0: Base on Balls
Dale González to third
Chris Samuels to second
Batting: LHB Marty Gómez 0-0: Ball
1-0: Ball
2-0: Called Strike
2-1: Called Strike
2-2: Ball
3-2: Foul Ball, location: 2F
3-2: Foul Ball, location: 2F
3-2: Foul Ball, location: 2F
3-2: Foul Ball, location: 2F
3-2: Ground out U3 (Groundball, 34S)
Bottom of the 2nd over - 1 run, 2 hits, 0 errors, 3 left on base; Butler 2 - Iowa State 1
TOP OF THE 3RD
Butler Bulldogs batting - Pitching for Iowa State Cyclones : RHP Loren Parker
Batting: RHB Benjamin Monroe 0-0: Ball
1-0: Bunt missed!
1-1: Ball
2-1: Ground out 6-3 (Groundball, 56)
Batting: RHB Patrice Charette 0-0: Ball
1-0: Foul Ball, location: 2F
1-1: Swinging Strike
1-2: Foul Ball, location: 2F
1-2: SINGLE (Line Drive, 89S)
Batting: LHB Bill O'Higgins 0-0: Called Strike
0-1: Ball
1-1: Ball
2-1: Ball
3-1: Base on Balls
Patrice Charette to second
Batting: RHB Nelson Thompson 0-0: Ball
1-0: SINGLE (Line Drive, 6D)
Patrice Charette to third
Bill O'Higgins to second
Batting: LHB Todd Hunt 0-0: Ball
1-0: Foul Ball, location: 2F
1-1: Ball
2-1: Foul Ball, location: 2F
2-2: Foul Ball, location: 2F
2-2: Fly out, F8 (Flyball, 8RM)
Runner from 3rd tags up, SCORES, throw made
Batting: RHB Jorge Solís 0-0: Called Strike
0-1: Ball
1-1: Fly out, F5 (Popup, 56)
Top of the 3rd over - 1 run, 2 hits, 0 errors, 2 left on base; Butler 3 - Iowa State 1
BOTTOM OF THE 3RD
Iowa State Cyclones batting - Pitching for Butler Bulldogs : RHP Bill Daniels
Batting: RHB Wesley Wood 0-0: Called Strike
0-1: Foul Ball, location: 2F
0-2: Ball
1-2: Strikes out looking
Batting: LHB Alberto Paz 0-0: Called Strike
0-1: Ball
1-1: Ball
2-1: Ball
3-1: Foul Ball, location: 2F
3-2: Base on Balls
Batting: RHB Danny Gilbert 0-0: Ball
Alberto Paz steals 2nd base
1-0: Called Strike
1-1: Ball
2-1: Ball
3-1: 2-RUN HOME RUN (Flyball, 7LD), Distance : 315 ft
Batting: RHB Louis García 0-0: SINGLE (Groundball, 4MD)
Batting: RHB Ollie Johnson 0-0: Fly out, F8 (Line Drive, 89D)
Batting: LHB Dale González 0-0: Ball
Louis García is caught stealing 2nd base
Bottom of the 3rd over - 2 runs, 2 hits, 0 errors, 0 left on base; Butler 3 - Iowa State 3
TOP OF THE 4TH
Butler Bulldogs batting - Pitching for Iowa State Cyclones : RHP Loren Parker
Batting: RHB Kenny Lowe 0-0: DOUBLE (Line Drive, 7D)
Batting: RHB Danny Giles 0-0: Swinging Strike
0-1: Called Strike
0-2: Foul Ball, location: 2F
0-2: Ball
1-2: Ground out 6-3 (Groundball, 6)
Batting: LHB Alex Kelly 0-0: Ball
1-0: Ball
2-0: Ball
3-0: Base on Balls
Batting: RHB Benjamin Monroe 0-0: Ball
1-0: Ball
2-0: Ball
3-0: Called Strike
3-1: Base on Balls
Kenny Lowe to third
Alex Kelly to second
Batting: RHB Patrice Charette 0-0: Called Strike
0-1: Called Strike
0-2: Strikes out swinging
Batting: LHB Bill O'Higgins 0-0: Ball
1-0: Swinging Strike
1-1: Ball
2-1: Fly out, F9 (Flyball, 9LM)
Top of the 4th over - 0 runs, 1 hit, 0 errors, 3 left on base; Butler 3 - Iowa State 3
BOTTOM OF THE 4TH
Iowa State Cyclones batting - Pitching for Butler Bulldogs : RHP Bill Daniels
Batting: LHB Dale González 0-0: Ball
1-0: Ball
2-0: Ball
3-0: Base on Balls
Batting: LHB Chris Samuels 0-0: Ball
1-0: SINGLE (Line Drive, 9S)
Dale González to second
Batting: LHB Andrew Chambers 0-0: Ball
1-0: Ball
2-0: Ball
3-0: Called Strike
3-1: Ground out U3 (Groundball, 34S)
Dale González to third
Chris Samuels to second
Batting: LHB Marty Gómez 0-0: Called Strike
0-1: Ball
1-1: Ground out 6-3 (Groundball, 6)
Dale González scores
Pitching: RHP Mario Bruno
Batting: RHB Wesley Wood 0-0: Called Strike
0-1: Ball
1-1: Ball
2-1: Foul Ball, location: 2F
2-2: Ball
3-2: Foul Ball, location: 2F
3-2: Base on Balls
Batting: LHB Alberto Paz 0-0: Called Strike
0-1: Fly out, F9 (Flyball, 9D)
Bottom of the 4th over - 1 run, 1 hit, 0 errors, 2 left on base; Butler 3 - Iowa State 4
TOP OF THE 5TH
Butler Bulldogs batting - Pitching for Iowa State Cyclones : RHP Loren Parker
Batting: RHB Nelson Thompson 0-0: Called Strike
0-1: Called Strike
0-2: Ball
1-2: Ball
2-2: Ground out 3-1 (Groundball, 34)
Batting: LHB Todd Hunt 0-0: Ball
1-0: Called Strike
1-1: Swinging Strike
1-2: Ball
2-2: Strikes out looking
Batting: RHB Jorge Solís 0-0: Ball
1-0: Swinging Strike
1-1: Foul Ball, location: 2F
1-2: Strikes out swinging
Top of the 5th over - 0 runs, 0 hits, 0 errors, 0 left on base; Butler 3 - Iowa State 4
BOTTOM OF THE 5TH
Iowa State Cyclones batting - Pitching for Butler Bulldogs : RHP Mario Bruno
Batting: RHB Danny Gilbert 0-0: Ground out 4-3 (Groundball, 4M)
Batting: RHB Louis García 0-0: Ball
1-0: Called Strike
1-1: Fly out, F7 (Flyball, 7LSF)
Batting: RHB Ollie Johnson 0-0: Foul Ball, location: 2F
0-1: Ball
1-1: Foul Ball, location: 2F
1-2: Ball
2-2: Ball
3-2: Base on Balls
Batting: LHB Dale González 0-0: Ball
1-0: Foul Ball, location: 2F
1-1: Swinging Strike
1-2: Ball
2-2: Strikes out swinging
Bottom of the 5th over - 0 runs, 0 hits, 0 errors, 1 left on base; Butler 3 - Iowa State 4
TOP OF THE 6TH
Butler Bulldogs batting - Pitching for Iowa State Cyclones : RHP Loren Parker
Batting: RHB Kenny Lowe 0-0: Ball
1-0: SOLO HOME RUN (Line Drive, 7D), Distance : 369 ft
Pitching: RHP Derrek Sánchez
Batting: RHB Danny Giles 0-0: Called Strike
0-1: Reached via error on a dropped throw, E3
Batting: LHB Alex Kelly 0-0: Foul Ball, location: 2F
0-1: Called Strike
0-2: Ball
1-2: SINGLE (Line Drive, 9S)
Danny Giles to second
Batting: RHB Benjamin Monroe 0-0: Ball
1-0: Ball
2-0: Foul Ball, location: 2F
2-1: Ball
3-1: Base on Balls
Danny Giles to third
Alex Kelly to second
Batting: RHB Patrice Charette 0-0: Called Strike
0-1: Fly out, F8 (Flyball, 8RD)
Runner from 3rd tags up, SCORES, throw made
Batting: LHB Bill O'Higgins 0-0: Foul Ball, location: 2F
0-1: Ball
1-1: Fly out, F7 (Line Drive, 7)
Batting: RHB Nelson Thompson 0-0: Foul Ball, location: 2F
0-1: Foul Ball, location: 2F
0-2: Foul Ball, location: 2F
0-2: Foul Ball, location: 2F
0-2: Foul Ball, location: 2F
0-2: Ball
1-2: Fielders Choice at 2nd, 6-4 (Groundball, 6)
Top of the 6th over - 2 runs, 2 hits, 1 error, 2 left on base; Butler 5 - Iowa State 4
BOTTOM OF THE 6TH
Iowa State Cyclones batting - Pitching for Butler Bulldogs : RHP Mario Bruno
Batting: LHB Chris Samuels 0-0: SINGLE (Groundball, 4MD)
Batting: LHB Andrew Chambers 0-0: Called Strike
0-1: Ball
1-1: Ball
2-1: Foul Ball, location: 2F
2-2: Fielders Choice at 2nd, 4-6 (Groundball, 34)
Batting: LHB Marty Gómez 0-0: Ball
1-0: Called Strike
1-1: Ball
2-1: Foul Ball, location: 2F
2-2: Foul Ball, location: 2F
2-2: Ball
3-2: Strikes out swinging
Andrew Chambers is caught stealing 2nd base
Batter strikes out.
Bottom of the 6th over - 0 runs, 1 hit, 0 errors, 0 left on base; Butler 5 - Iowa State 4
TOP OF THE 7TH
Butler Bulldogs batting - Pitching for Iowa State Cyclones : RHP Derrek Sánchez
Batting: LHB Todd Hunt 0-0: Ball
1-0: Ball
2-0: Swinging Strike
2-1: SINGLE (Line Drive, 89S)
Batting: RHB Jorge Solís 0-0: Ball
1-0: Swinging Strike
1-1: Ball
2-1: Bunted foul
2-2: Ground out 3-1 (Groundball, 34S)
Todd Hunt to second
Batting: RHB Kenny Lowe 0-0: Intentional Walk
Batting: RHB Danny Giles 0-0: Called Strike
0-1: Called Strike
0-2: Ball
1-2: Strikes out looking
Batting: LHB Alex Kelly 0-0: Ball
1-0: Ball
2-0: Ground out U3 (Groundball, 3)
Top of the 7th over - 0 runs, 1 hit, 0 errors, 2 left on base; Butler 5 - Iowa State 4
BOTTOM OF THE 7TH
Iowa State Cyclones batting - Pitching for Butler Bulldogs : RHP Mario Bruno
Batting: RHB Wesley Wood 0-0: Called Strike
0-1: Swinging Strike
0-2: SOLO HOME RUN (Flyball, 7D), Distance : 354 ft
Batting: LHB Alberto Paz 0-0: Swinging Strike
0-1: Ball
1-1: SOLO HOME RUN (Flyball, 7LD), Distance : 314 ft
Pitching: RHP Jim Quinborough
Batting: RHB Danny Gilbert 0-0: Called Strike
0-1: Ball
1-1: Ball
2-1: Ball
3-1: Base on Balls
Batting: RHB Louis García 0-0: Bunted foul
0-1: Bunt - Flyout! F3
Pinch Hitting: LHB Geoffrey Poole 0-0: Ball
1-0: Fly out, F7 (Flyball, 7S)
Batting: LHB Dale González 0-0: Swinging Strike
0-1: Swinging Strike
0-2: Ball
1-2: Strikes out swinging
Bottom of the 7th over - 2 runs, 2 hits, 0 errors, 1 left on base; Butler 5 - Iowa State 6
TOP OF THE 8TH
Butler Bulldogs batting - Pitching for Iowa State Cyclones : RHP Derrek Sánchez
Now at SS: Jimmy Stokes
Now in LF: Geoffrey Poole
Batting: RHB Benjamin Monroe 0-0: Fly out, F8 (Flyball, 8RD)
Batting: RHB Patrice Charette 0-0: Ball
1-0: Called Strike
1-1: SOLO HOME RUN (Flyball, 8LXD), Distance : 383 ft
Batting: LHB Bill O'Higgins 0-0: Called Strike
0-1: Swinging Strike
0-2: Ball
1-2: Strikes out swinging
Batting: RHB Nelson Thompson 0-0: Ball
1-0: SINGLE (Flyball, 89S)
Batting: LHB Todd Hunt 0-0: Ball
1-0: Ball
2-0: Ball
3-0: Base on Balls
Nelson Thompson to second
Pitching: RHP Joe Miller
Batting: RHB Jorge Solís 0-0: Ball
1-0: Called Strike
1-1: Ball
2-1: Called Strike
2-2: Strikes out swinging
Top of the 8th over - 1 run, 2 hits, 0 errors, 2 left on base; Butler 6 - Iowa State 6
BOTTOM OF THE 8TH
Iowa State Cyclones batting - Pitching for Butler Bulldogs : RHP Jim Quinborough
Pinch Hitting: SHB Royce Griffin 0-0: SOLO HOME RUN (Flyball, 9D), Distance : 362 ft
Batting: LHB Andrew Chambers 0-0: Called Strike
0-1: Ball
1-1: Foul Ball, location: 2F
1-2: Ball
2-2: Foul Ball, location: 2F
2-2: Foul Ball, location: 2F
2-2: Ball
3-2: Strikes out swinging
Batting: LHB Marty Gómez 0-0: Ball
1-0: Called Strike
1-1: Called Strike
1-2: Foul Ball, location: 2F
1-2: Ball
2-2: SINGLE (Line Drive, 9LM)
Batting: RHB Wesley Wood 0-0: Ball
1-0: Swinging Strike
1-1: Swinging Strike
1-2: Ball
Wild Pitch!
Marty Gómez to second
2-2: Ball
3-2: Base on Balls
Batting: LHB Alberto Paz 0-0: Ball
1-0: Fielders Choice at 2nd, 4-6 (Groundball, 4D)
Marty Gómez to third
Batting: RHB Danny Gilbert 0-0: Fly out, F4 (Popup, 4S)
Bottom of the 8th over - 1 run, 2 hits, 0 errors, 2 left on base; Butler 6 - Iowa State 7
TOP OF THE 9TH
Butler Bulldogs batting - Pitching for Iowa State Cyclones : RHP Joe Miller
Pitching: RHP Tom Thomas
Now at 3B: Johnny Matthews
Now in RF: Jeff MacKinney
Pinch Hitting: LHB Tim Thomas 0-0: Called Strike
0-1: Ball
1-1: Foul Ball, location: 2F
1-2: Ground out 5-3 (Groundball, 56S)
Batting: RHB Danny Giles 0-0: SINGLE (Flyball, 89S)
Batting: LHB Alex Kelly 0-0: Called Strike
0-1: Ball
1-1: SINGLE (Groundball, 6MD)
Danny Giles to second
Runner from 2nd tries for 3rd, SAFE, no throw
Batting: RHB Benjamin Monroe 0-0: Ball
1-0: Ball
2-0: Ball
3-0: Called Strike
3-1: Called Strike
3-2: Foul Ball, location: 2F
3-2: Base on Balls
Alex Kelly to second
Batting: RHB Patrice Charette 0-0: Ball
1-0: Ball
2-0: Ball
3-0: Base on Balls
Danny Giles scores
Alex Kelly to third
Benjamin Monroe to second
Batting: LHB Bill O'Higgins 0-0: Called Strike
0-1: Swinging Strike
0-2: Ball
1-2: Foul Ball, location: 2F
1-2: Strikes out swinging
Batting: RHB Nelson Thompson 0-0: Ball
1-0: Called Strike
1-1: Fielders Choice at 2nd, 5-4 (Groundball, 56)
Top of the 9th over - 1 run, 2 hits, 0 errors, 3 left on base; Butler 7 - Iowa State 7
BOTTOM OF THE 9TH
Iowa State Cyclones batting - Pitching for Butler Bulldogs : RHP Jim Quinborough
Now at 2B: Stephen Arnold
Pinch Hitting: SHB Oliver Miles 0-0: Ball
1-0: Called Strike
1-1: Foul Ball, location: 2F
1-2: Ball
2-2: Strikes out swinging
Batting: LHB Geoffrey Poole 0-0: Ball
1-0: Ground out 4-3 (Groundball, 4)
Batting: LHB Dale González 0-0: Foul Ball, location: 2F
0-1: SINGLE (Groundball, 6MD)
Pinch Hitting: SHB Octávio Longoria 0-0: Ball
1-0: Ball
2-0: Ball
3-0: Base on Balls
Dale González to second
Batting: RHB Johnny Matthews 0-0: Ball
1-0: Ball
2-0: Called Strike
2-1: Ball
3-1: Called Strike
3-2: Foul Ball, location: 2F
3-2: Base on Balls
Dale González to third
Octávio Longoria to second
Pitching: RHP Juan González
Batting: LHB Marty Gómez 0-0: Ground out 4-3 (Groundball, 34D)
Bottom of the 9th over - 0 runs, 1 hit, 0 errors, 3 left on base; Butler 7 - Iowa State 7
TOP OF THE 10TH
Butler Bulldogs batting - Pitching for Iowa State Cyclones : RHP Tom Thomas
Pitching: RHP Luis Pagán
Now at SS: Oliver Miles
Now in RF: Tim Torres
Batting: LHB Todd Hunt 0-0: Called Strike
0-1: Called Strike
0-2: Ball
1-2: Ball
2-2: Strikes out swinging
Batting: RHB Jorge Solís 0-0: Called Strike
0-1: Ground out 4-3 (Groundball, 4)
Batting: LHB Stephen Arnold 0-0: Ball
1-0: Ball
2-0: Ball
3-0: Base on Balls
Batting: RHB Danny Giles 0-0: Called Strike
0-1: Swinging Strike
0-2: Ball
1-2: Strikes out looking
Top of the 10th over - 0 runs, 0 hits, 0 errors, 1 left on base; Butler 7 - Iowa State 7
BOTTOM OF THE 10TH
Iowa State Cyclones batting - Pitching for Butler Bulldogs : RHP Juan González
Pitching: RHP Bartolo Carr
Batting: RHB Wesley Wood 0-0: Ball
1-0: Fly out, F8 (Flyball, 8LXD)
Batting: LHB Alberto Paz 0-0: DOUBLE (Line Drive, 78D)
Batting: RHB Danny Gilbert 0-0: Called Strike
0-1: Called Strike
0-2: Ball
1-2: SINGLE (Flyball, 9LS)
Alberto Paz to third
Batting: SHB Oliver Miles 0-0: Foul Ball, location: 2F
0-1: Ball
1-1: Foul Ball, location: 2F
1-2: Strikes out looking
Batting: LHB Geoffrey Poole 0-0: Foul Ball, location: 2F
0-1: Foul Ball, location: 2F
0-2: Ball
1-2: Ground out 3-1 (Groundball, 34)
Bottom of the 10th over - 0 runs, 2 hits, 0 errors, 2 left on base; Butler 7 - Iowa State 7
TOP OF THE 11TH
Butler Bulldogs batting - Pitching for Iowa State Cyclones : RHP Luis Pagán
Batting: LHB Alex Kelly 0-0: Foul Ball, location: 2F
0-1: Ball
1-1: Called Strike
1-2: Ball
2-2: Strikes out swinging
Batting: RHB Benjamin Monroe 0-0: Fly out, F7 (Flyball, 7D)
Batting: RHB Patrice Charette 0-0: Called Strike
0-1: Ball
1-1: Ground out 3-1 (Groundball, 34S)
Top of the 11th over - 0 runs, 0 hits, 0 errors, 0 left on base; Butler 7 - Iowa State 7
BOTTOM OF THE 11TH
Iowa State Cyclones batting - Pitching for Butler Bulldogs : RHP Bartolo Carr
Batting: LHB Dale González 0-0: Ball
1-0: Ball
2-0: Swinging Strike
2-1: Called Strike
2-2: Ball
3-2: Foul Ball, location: 2F
3-2: SINGLE (Groundball, 4D)
Batting: LHB Tim Torres 0-0: SINGLE (Flyball, 7S)
Dale González to second
Batting: RHB Johnny Matthews 0-0: Foul Ball, location: 2F
0-1: Swinging Strike
0-2: Strikes out swinging
Batting: LHB Marty Gómez 0-0: Ball
1-0: Called Strike
1-1: Swinging Strike
1-2: Ball
2-2: Foul Ball, location: 2F
2-2: Foul Ball, location: 2F
2-2: Foul Ball, location: 2F
2-2: SINGLE (Groundball, 3) (infield hit)
Dale González to third
Tim Torres to second
Batting: RHB Wesley Wood 0-0: Fly out, F8 (Flyball, 89M)
Runner from 3rd tags up, OUT at HOME
Bottom of the 11th over - 0 runs, 3 hits, 0 errors, 2 left on base; Butler 7 - Iowa State 7
TOP OF THE 12TH
Butler Bulldogs batting - Pitching for Iowa State Cyclones : RHP Luis Pagán
Pitching: LHP Barry Perkins
Batting: LHB Bill O'Higgins 0-0: Called Strike
0-1: Ball
1-1: Called Strike
1-2: Strikes out swinging
Batting: RHB Nelson Thompson 0-0: Fly out, F3 (Line Drive, 34)
Batting: LHB Todd Hunt 0-0: Ball
1-0: Swinging Strike
1-1: SINGLE (Line Drive, 8LS)
Batting: RHB Jorge Solís 0-0: Called Strike
0-1: Ground out 4-3 (Groundball, 4)
Top of the 12th over - 0 runs, 1 hit, 0 errors, 1 left on base; Butler 7 - Iowa State 7
BOTTOM OF THE 12TH
Iowa State Cyclones batting - Pitching for Butler Bulldogs : RHP Bartolo Carr
Pitching: LHP Tom Reyes
Batting: LHB Alberto Paz 0-0: Swinging Strike
0-1: Foul Ball, location: 2F
0-2: Ball
1-2: Ball
2-2: Foul Ball, location: 2F
2-2: Foul Ball, location: 2F
2-2: SOLO HOME RUN (Line Drive, 9LD), Distance : 322 ft
Saturday, April 7th, 2018 - OOTP Baseball 18.8 Build 76